 Dungeon Crawl Stone Soup version 0.27-a0-1525-g1038ab4 (webtiles) character file.

Game seed: 8632259128589344729

1439 Think the Slicer (level 8, -3/52 HPs)
             Began as an Octopode Fighter on July 10, 2021.
             Was a Believer of Wu Jian.
             Slain by a gnoll (13 damage)
             ... on level 7 of the Dungeon.
             The game lasted 00:21:20 (7071 turns).

Think the Slicer (Octopode Fighter)                 Turns: 7071, Time: 00:21:20

Health: -3/52      AC:  1    Str: 15 (17) XL:     8   Next: 74%
Magic:  8/8        EV: 11    Int: 10      God:    Wu Jian [**....]
Gold:   257        SH:  8    Dex: 12      Spells: 7/7 levels left

rFire    + . .     SeeInvis +   a - +0 rapier
rCold    + . .     Faith    .   b - +0 kite shield
rNeg     . . .     Spirit   .   (helmet restricted)
rPois    +         Reflect  .   (no amulet)
rElec    +         Harm     .   e - ring of see invisible
rCorr    +         Rampage  .   (no ring)
Will     .....                  (no ring)
Stlth    +++.......             (no ring)
HPRegen  0.17/turn              (no ring)
MPRegen  0.11/turn              (no ring)
                                (no ring)
                                (no ring)

@: resistant, on berserk cooldown, slowed, very slow
A: almost no armour, amphibious, 8 rings, camouflage 1, gelatinous body 1,
(nimble swimmer 1), tentacles
a: Renounce Religion, Wall Jump


You were on level 7 of the Dungeon.
You worshipped Wu Jian.
Wu Jian was pleased with you.
You visited 1 branch of the dungeon, and saw 7 of its levels.

You collected 257 gold pieces.

Inventory:

Hand Weapons
 a - a +0 rapier (weapon)
 f - a +2 dagger of holy wrath
 k - a +2 dagger of venom
 p - a +2 vampiric dagger
Armour
 b - a +0 kite shield (worn)
Jewellery
 e - a ring of see invisible (left tentacle)
 v - a ring of ice
Wands
 s - a wand of polymorph (17)
Scrolls
 c - a scroll of noise {unknown}
 g - 2 scrolls of blinking
 j - a scroll of identify
 l - a scroll of holy word {unknown}
 r - 2 scrolls of teleportation
 u - a scroll of fog {unknown}
 w - a scroll of vulnerability {unknown}
Potions
 o - a potion of degeneration
 q - a potion of magic


   Skills:
 * Level 3.2 Fighting
 - Level 10.0 Short Blades
 - Level 2.0 Throwing
 + Level 3.1 Dodging
 + Level 1.0 Stealth
 * Level 3.2 Shields
 - Level 2.0 Evocations


You had 7 spell levels left.
You didn't know any spells.
Your spell library contained the following spells:

 Spells                   Type           Power      Damage    Failure   Level
 Gell's Gravitas          Tloc           0%         N/A       99%         3
 Teleport Other           Tloc           0%         N/A       99%         3
 Dispersal                Tloc           0%         N/A       100%        6


Dungeon Overview and Level Annotations

Branches:
Dungeon (7/15)
 Temple: D:4-7

Altars:
Dithmenos
Makhleb
Sif Muna
Wu Jian


Innate Abilities, Weirdness & Mutations

You cannot wear most types of armour.
You are amphibious.
You can wear up to eight rings at the same time.
Your skin changes colour to match your surroundings (Stealth+).
Your rubbery body absorbs attacks. (AC +1, EV +1)
((You are camouflaged near water. (Stealth+)))
You have tentacles for arms and can constrict up to eight enemies at once.


Message History

You hit the gnoll.
You kill the gnoll!
The Council accepts your kill.
The gnoll sergeant hits you from afar with a +0 spear!
Okay, then.
Okay, then.
As you read the scroll of fear, it crumbles to dust.
You assume a fearsome visage.
The gnoll sergeant looks frightened!
The gnoll resists with some effort.
The gnoll looks frightened!
The gnoll hits you from afar with a +0 spear.
* * * LOW HITPOINT WARNING * * *
A red film seems to cover your vision as you go berserk!
You feel yourself moving faster!
You feel mighty!
The gnoll hits you from afar with a +0 spear.
* * * LOW HITPOINT WARNING * * *
You lunge at the gnoll.
You catch the helpless gnoll completely off-guard!
You impale the gnoll!!
You kill the gnoll!
The Council accepts your kill.
The gnoll shouts!
You block the gnoll's attack.
Things that are here:
a +0 spear; a gnoll corpse You puncture the gnoll!
You grab the gnoll.
The gnoll is almost dead.
You constrict the gnoll. The gnoll barely misses you.
You puncture the gnoll!
You kill the gnoll!
The Council accepts your kill.
You feel your intelligence returning.
Your Stealth skill increases to level 1!
The gnoll throws a throwing net.
The throwing net closely misses you.
Things that are here:
a throwing net; a +0 club You feel a strong urge to attack something.
You are no longer berserk.
You are exhausted.
You feel yourself slow down. The gnoll hits you with a +0 halberd!
You die...

#### ####).####
#..)(.@..###
####
#######g...##
##... ###.g.###
##....
###...####.....
###...##.....
###......[.
###......
##..... #.....


You could see a gnoll sergeant (fleeing) and a gnoll.

Vanquished Creatures
  Sigmund (D:6)
  A human (D:6)
  2 water moccasins (D:5)
  An ogre (D:5)
  A phantom (D:4)
  A bullfrog (D:7)
  2 scorpions
  A water moccasin skeleton (D:5)
  A jelly (D:4)
  A centaur zombie (D:7)
  A bullfrog zombie (D:6)
  A hound (D:4)
  2 bullfrog skeletons
  2 iguanas (D:5)
  A scorpion zombie (D:5)
  Natasha (thrice) (D:3)
  A hound zombie (D:5)
  A hound skeleton (D:4)
  7 adders
  3 gnolls (D:7)
  A howler monkey skeleton (D:6)
  3 ufetubi
  An adder skeleton (D:4)
  4 worms (D:2)
  3 dart slugs
  An orc (D:3)
  3 bats (D:1)
  3 endoplasms
  4 giant cockroaches
  9 goblins
  4 hobgoblins
  3 jackals (D:1)
  8 kobolds
  3 quokkas
  3 ball pythons
  4 frilled lizards
  3 rats
94 creatures vanquished.

Vanquished Creatures (others)
  4 toadstools (D:3)
4 creatures vanquished.

Grand Total: 98 creatures vanquished

Notes
Turn   | Place    | Note
-------+----------+-------------------------------------------
     0 | D:1      | Think the Octopode Fighter began the quest for the Orb.
     0 | D:1      | Reached XP level 1. HP: 16/16 MP: 1/1
   191 | D:1      | Reached XP level 2. HP: 16/21 MP: 2/2
   349 | D:1      | Reached skill level 3 in Short Blades
   642 | D:1      | Reached XP level 3. HP: 26/26 MP: 3/3
   771 | D:1      | Found a faded altar of an unknown god.
   786 | D:1      | Became a worshipper of the Wu Jian Council
   786 | D:1      | Reached * piety under Wu Jian
  1031 | D:2      | Reached skill level 4 in Short Blades
  1047 | D:2      | Reached XP level 4. HP: 31/31 MP: 4/4
  1524 | D:2      | Found a shimmering blue altar of Sif Muna.
  1860 | D:3      | Reached skill level 5 in Short Blades
  1860 | D:3      | Reached XP level 5. HP: 12/36 MP: 5/5
  2214 | D:3      | Found an ornate altar of the Wu Jian Council.
  2411 | D:3      | Found a burning altar of Makhleb.
  2538 | D:3      | Noticed Natasha
  2544 | D:3      | Killed Natasha
  2545 | D:3      | Reached skill level 1 in Throwing
  2694 | D:3      | Noticed Natasha
  2701 | D:3      | Killed Natasha
  2727 | D:3      | Noticed Natasha
  2793 | D:3      | Killed Natasha
  3126 | D:4      | Reached ** piety under Wu Jian
  3127 | D:4      | Reached XP level 6. HP: 37/42 MP: 6/6
  3190 | D:4      | Reached skill level 1 in Evocations
  3440 | D:4      | Reached skill level 6 in Short Blades
  4037 | D:5      | Entered Level 5 of the Dungeon
  4133 | D:5      | Reached XP level 7. HP: 30/46 MP: 7/7
  4254 | D:5      | Reached skill level 7 in Short Blades
  4872 | D:5      | Found a shadowy altar of Dithmenos.
  4905 | D:5      | Reached skill level 8 in Short Blades
  4905 | D:5      | Reached XP level 8. HP: 22/52 MP: 8/8
  6323 | D:6      | Noticed Sigmund
  6326 | D:6      | Killed Sigmund
  6327 | D:6      | Reached skill level 9 in Short Blades
  6569 | D:6      | Noticed a shadow
  6713 | D:7      | Upgraded the game from 0.27-a0-1519-gc8121b2 to
                  | 0.27-a0-1525-g1038ab4
  6871 | D:6      | Noticed a troll
  6871 | D:6      | an ogre changed into a troll
  6874 | D:6      | a troll changed into a human
  6884 | D:6      | Reached skill level 10 in Short Blades
  7069 | D:7      | Reached skill level 1 in Stealth
  7071 | D:7      | Slain by a gnoll

Illustrated notes

Levels and vault maps discovered:
D:1:      dpeg_arrival_pond, layout_basic,
          dreamdust_ecumenical_altar_hidden_monk_grotto,
          amcnicky_mini_pool_small, nrook_loot_triangle, chequers_avenue,
          nrook_uturn
D:2:      layout_basic, basic_altar
D:3:      layout_basic, lemuel_round_altar, mainiacjoe_overflow_chevrons,
          minmay_gold_behind_fungi, uniq_natasha
D:4:      layout_basic, grunt_decor_arrowhead, hex_intersection,
          kennysheep_generic_room_5
D:5:      layout_layer_cave, nicolae_dithmenos_shadow_blocks
D:6:      layout_loops_cross, minmay_temple_entry_crystal_x, uniq_sigmund
D:7:      minmay_clustersquares, layout_cave_pods, hangedman_misty_isle,
          uniq_crazy_yiuf_cottage

Skill      XL: |  1  2  3  4  5  6  7  8 |
---------------+-------------------------+-----
Short Blades   | 3 4 5 6 8 10 | 10.0
Throwing       | 1 2 |  2.0
Evocations     | 2 |  2.0
Stealth        | 1 |  1.0
Fighting       | |  3.2
Dodging        | |  3.1
Shields        | |  3.2

Action                   |  1- 3 |  4- 6 |  7- 9 || total
-------------------------+-------+-------+-------++-------
Melee: Rapier            |    14 |       |    17 ||    31
       Constrict         |    19 |    24 |    17 ||    60
       Tentacles         |    12 |    21 |    21 ||    54
       Dagger            |    46 |   100 |    87 ||   233
Throw: Boomerang         |       |    10 |     9 ||    19
Invok: Lunge             |     4 |    15 |    10 ||    29
       Whirlwind         |       |     2 |       ||     2
 Abil: Wall Jump         |       |     1 |       ||     1
Evoke: Wand              |       |       |     5 ||     5
  Use: Scroll            |       |     2 |     7 ||     9
       Potion            |       |     1 |     9 ||    10
 Stab: Sleeping          |     7 |     4 |     2 ||    13
       Distracted        |       |     2 |       ||     2
       Fleeing           |       |       |     1 ||     1
Armor: Skin              |     5 |     2 |     6 ||    13
Dodge: Dodged            |    20 |    26 |    48 ||    94
Block: Kite shield       |    16 |    29 |    35 ||    80

Table legend: (Time is in decaauts)
 A = Elapsed time spent in this place.
 B = Non-inter-level travel time spent in this place.
 C = Inter-level travel time spent in this place.
 D = Time resting spent in this place.
 E = Time spent auto-exploring this place.
 F = Levels seen in this place.
 G = Mean time per level.
                   A        B        C        D        E       F      G
               +--------+--------+--------+--------+--------+-----+--------+
         Total |   7080 |   6973 |    107 |   1983 |   3859 |   7 | 1011.4 |
       Dungeon |   7080 |   6973 |    107 |   1983 |   3859 |   7 | 1011.4 |
               +--------+--------+--------+--------+--------+-----+--------+

Top non-repeatable levels by time:
     D:5: 2281 daAuts
     D:3: 1349 daAuts
     D:4: 986 daAuts
     D:2: 907 daAuts
     D:1: 815 daAuts
     D:6: 491 daAuts
     D:7: 247 daAuts
